 Dungeon Sprint DCSS version 0.19.0-24-gb05acd6 (webtiles) character file.

1145 equalderp2856 the Ripper (level 8, -3/42 HPs)
             Began as a Felid Fighter on Nov 21, 2016.
             Slain by a tentacle (25 damage)
             ... attached to a kraken
             ... in the Dungeon (Sprint II: "The Violet Keep of Menkaure").
             The game lasted 00:07:07 (1469 turns).

equalderp2856 the Ripper (Felid Fighter)            Turns: 1469, Time: 00:07:07

Health: -3/42      AC:  2    Str: 11    XL:     8   Next: 15%
Magic:  9/9        EV: 27    Int:  9    God:
Gold:   1137       SH:  0    Dex: 15    Spells: 0 memorised, 7 levels left
                                        Lives:  0   Deaths: 2

rFire  . . .     SeeInvis +       - Unarmed
rCold  . . .     Gourm    .     (armour unavailable)
rNeg   . . .     Faith    .     (shield unavailable)
rPois  .         Spirit   .     (helmet unavailable)
rElec  .         Reflect  .     (cloak unavailable)
rCorr  .         Harm     .     (gloves unavailable)
MR     +....     NoTele   +     (boots unavailable)
Stlth  +++.......               (no amulet)
                                (no ring)
                                (no ring)

@: quick
A: no armour, no weapons or thrown items, stealth, claws 1, fangs 3, see
invisible, carnivore 3, clumsy 1, speed 1, shaggy fur 2, slow metabolism 1, weak
1, sharp paws
a: no special abilities


You were in the Dungeon.
You were not hungry.

You visited 1 branch You collected 1137 gold pieces.

Inventory:

Missiles
 r - 43 stones
 u - 63 arrows
 v - 44 sling bullets
Armour
 q - a +0 leather armour
 t - a +1 ring mail
Scrolls
 a - a scroll of enchant weapon
 c - a scroll of remove curse
 h - a scroll of blinking
 k - a scroll of enchant armour
 l - a scroll of magic mapping
 o - 4 scrolls of identify
 p - a scroll of random uselessness {unknown}
Potions
 d - a potion of brilliance {unknown}
 e - a potion of haste
 f - 5 potions of magic
 i - 2 potions of degeneration
 m - 2 potions of flight
 n - 2 potions of resistance
 s - 3 potions of curing
Comestibles
 b - 3 meat rations


   Skills:
 + Level 8.9 Fighting
 + Level 11.8 Dodging
 + Level 4.0 Stealth
 + Level 15.5 Unarmed Combat


You had 7 spell levels left.
You didn't know any spells.

Dungeon Overview and Level Annotations

Branches:
Dungeon (1/1)

Altars:
Cheibriados
Dithmenos
Elyvilon
Fedhas
Hepliaklqana
Kikubaaqudgha
Makhleb
Nemelex Xobeh
Qazlal
Ru
Sif Muna
Trog
Uskayaw
Vehumet
Xom
Yredelemnul
Zin
The Shining One
Beogh
Jiyva
Lugonu

Shops:
D [:!=?(}:[!=%[:[!

Annotations:
D exclusion: oklob plant, Kirke


Innate Abilities, Weirdness & Mutations

You cannot wear armour.
You are incapable of wielding weapons or throwing items.
Your paws allow you to move quietly. (Stealth)
You have sharp claws.
You have razor-sharp teeth.
You have supernaturally acute eyesight. (SInv)
You are carnivorous and can eat meat at any time.
You cover ground quickly.
You are covered in thick fur. (AC +2)
You have a slow metabolism.
Your sharp claws are effective at attacking unaware monsters.
You are clumsy. (Dex -2)
You are weak. (Str -2)


Message History

You see here a ring mail.
You see here a glowing short sword.
Things that are here:
a mace; a polar bear skeleton
There is an open door, spattered with blood here.
You see here a polar bear skeleton.
Tentacles burst out of the water! 4 tentacles come into view.
Things that are here:
an uncursed arbalest; 25 bolts; a yaktaur skeleton The tentacle misses you.
There is an open door, spattered with blood here.
You see here a polar bear skeleton.
You barely miss the tentacle. You claw the tentacle!
You bite the tentacle, but do no damage.
The tentacle is moderately wounded.
The tentacle slaps you!! The tentacle slaps you!!
Ouch! That really hurt!
You die...

,,,*,*#[|▓▓▓▓▓▓▓▓▓▓▓*+**,*,+≈,,≈+
,,,*,,#:§▓......).▓▓,,,*,*,+≈,,≈+
**,*,,#§}▓.......[▓▓,⌠,*,*,+≈,,≈+
,+.##.#}}▓).[).[[.▓▓,,,*,*,+≈,,≈+
,*...####▓.....[).▓▓,,,*,*,+≈,,≈+
**#..#*$#▓........▓▓,,,*,*,+≈,,≈+
,,+..#,y#▓..[....(▓▓,,,*,*,+≈,,≈+
,,#..#,h#▓.......[▓▓,⌠,*,*,*≈,,≈*
###..##.#▓.....(@.▓▓,,,*,*,*≈,,≈*
.###...##▓▓▓▓▓▓▓w▓▓▓▓+▓*,***≈,,≈*
...≈≈≈≈≈≈≈≈≈≈≈≈≈)\wXw≈▓,,,,,,,,**
...≈#'########+###V≈w≈▓,,,,,,,**
≈..≈#..._._..#§≈§*#≈≈≈▓,,,,,,**
≈§§§#.._._._.#§§§≈*###▓****≈**
≈≈≈§#._._._._#§§≈§≈**,,*,,*≈*
≈≈≈≈#_._._._.#§§§§≈≈*,,*,,*≈*
§≈≈≈#._._._..#§§§≈≈≈+,,+,,*≈*


You could see a kraken and 4 tentacles.

Vanquished Creatures
  A yaktaur (D)
  2 polar bears (D)
  A hornet (D)
  4 neqoxecs (D)
  Menkaure (D)
  4 necrophages (D)
  4 worker ants (D)
  3 worms (D)
20 creatures vanquished.

Vanquished Creatures (others)
  2 soldier ants (D)
  A crocodile (D)
  9 tentacles (D)
12 creatures vanquished.

Grand Total: 32 creatures vanquished

Notes
Turn   | Place    | Note
-------+----------+-------------------------------------------
     0 | D        | equalderp2856 the Felid Fighter began the quest for the Orb.
     0 | D        | Reached XP level 1. HP: 10/10 MP: 2/2
     2 | D        | Noticed a worker ant
     2 | D        | Noticed a worker ant
     2 | D        | Noticed a worker ant
     2 | D        | Noticed a worker ant
     7 | D        | Killed a worker ant
     7 | D        | Reached skill level 5 in Dodging
     7 | D        | Reached skill level 5 in Unarmed Combat
     7 | D        | Reached XP level 2. HP: 10/15 MP: 3/3
     8 | D        | Reached skill level 6 in Unarmed Combat
     8 | D        | Reached XP level 3. HP: 12/18 MP: 4/4
    10 | D        | Reached skill level 7 in Unarmed Combat
    10 | D        | Reached XP level 4. HP: 14/22 MP: 5/5
    14 | D        | Reached skill level 5 in Fighting
    17 | D        | Noticed a necrophage
    17 | D        | Noticed a necrophage
    17 | D        | Noticed a necrophage
    17 | D        | Noticed a necrophage
    20 | D        | Killed a necrophage
    20 | D        | Reached skill level 9 in Unarmed Combat
    20 | D        | Reached XP level 5. HP: 27/27 MP: 6/6
    24 | D        | Killed a necrophage
    24 | D        | Reached skill level 10 in Unarmed Combat
    25 | D        | Killed a necrophage
    25 | D        | Reached skill level 11 in Unarmed Combat
    25 | D        | Gained mutation: You are covered in thick fur. (AC +2) [Felid growth]
    25 | D        | Reached XP level 6. HP: 30/30 MP: 7/7
   246 | D        | Reached skill level 1 in Stealth
   320 | D        | Noticed a neqoxec
   320 | D        | Noticed a neqoxec
   320 | D        | Noticed a neqoxec
   320 | D        | Noticed a neqoxec
   325 | D        | Gained mutation: You are clumsy. (Dex -2) [a neqoxec]
   327 | D        | Killed a neqoxec
   327 | D        | Reached skill level 12 in Unarmed Combat
   327 | D        | Reached XP level 7. HP: 34/35 MP: 8/8
   328 | D        | Gained mutation: You are weak. (Str -2) [a neqoxec]
   333 | D        | Killed a neqoxec
   333 | D        | Reached skill level 13 in Unarmed Combat
   338 | D        | Killed a neqoxec
   338 | D        | Reached skill level 10 in Dodging
   346 | D        | Killed a neqoxec
   568 | D        | Found Kitiac's Distillery.
   570 | D        | Found Onimutet's Book Emporium.
   570 | D        | Found Higoitru's Antique Armour Shoppe.
   571 | D        | Found Rec Ipa's Jewellery Emporium.
   571 | D        | Found Aloel's Distillery.
   572 | D        | Found Qeefath's Antique Armour Shoppe.
   572 | D        | Found Feufo's Armour Emporium.
   573 | D        | Found Goigiych's Gadget Emporium.
   573 | D        | Found Ticit's Antique Weapon Shoppe.
   574 | D        | Found Gitt's Food Emporium.
   574 | D        | Found Ockir's Magic Scroll Shoppe.
   574 | D        | Noticed a slime creature
   575 | D        | Found Oma Ytek's Book Shoppe.
   577 | D        | Noticed Menkaure
   577 | D        | Noticed a slime creature
   586 | D        | Killed Menkaure
   586 | D        | Reached skill level 14 in Unarmed Combat
   586 | D        | Reached XP level 8. HP: 22/39 MP: 9/9
   718 | D        | Found Unuestri's Jewellery Shoppe.
   718 | D        | Found Caunt's Distillery.
   718 | D        | Noticed a slime creature
   718 | D        | Noticed an oklob plant
   719 | D        | Found Liewnem's Antique Armour Shoppe.
   719 | D        | Found Xamen's Book Shoppe.
   720 | D        | Noticed a spiny frog
   721 | D        | Noticed a spiny frog
   805 | D        | Noticed an elephant
   805 | D        | Noticed a centaur warrior
   805 | D        | Noticed Kirke
   805 | D        | Noticed a yaktaur captain
   805 | D        | Noticed a skeletal warrior
   805 | D        | Noticed a kobold demonologist
   815 | D        | Mangled by a skeletal warrior
   816 | D        | Reached XP level 7. HP: -6/36 MP: 8/8
   835 | D        | Found a glowing golden altar of the Shining One.
   836 | D        | Found a glowing silver altar of Zin.
   836 | D        | Found a hide-covered altar of Uskayaw.
   837 | D        | Found a basalt altar of Yredelemnul.
   837 | D        | Found a bloodstained altar of Trog.
   838 | D        | Found a shimmering altar of Xom.
   838 | D        | Found a deep blue altar of Sif Muna.
   838 | D        | Found a corrupted altar of Lugonu.
   838 | D        | Found a radiant altar of Vehumet.
   838 | D        | Found a burning altar of Makhleb.
   839 | D        | Found a sacrificial altar of Ru.
   839 | D        | Found an ancient bone altar of Kikubaaqudgha.
   839 | D        | Found a white marble altar of Elyvilon.
   840 | D        | Found a stormy altar of Qazlal.
   840 | D        | Found a viscous altar of Jiyva.
   840 | D        | Found a shadowy altar of Dithmenos.
   841 | D        | Found a hazy altar of Hepliaklqana.
   841 | D        | Found a snail-covered altar of Cheibriados.
   843 | D        | Found a roughly hewn altar of Beogh.
   843 | D        | Found a sparkling altar of Nemelex Xobeh.
   843 | D        | Found a blossoming altar of Fedhas.
   843 | D        | Noticed a hornet
   843 | D        | Noticed a polar bear
   844 | D        | Noticed a yaktaur
   845 | D        | Noticed a polar bear
   851 | D        | Noticed a kraken
   859 | D        | Mangled by a polar bear
   860 | D        | Reached XP level 6. HP: -11/33 MP: 7/7
  1110 | D        | Killed a hornet
  1118 | D        | HP: 1/34 [polar bear (1)]
  1122 | D        | Killed a polar bear
  1122 | D        | Reached XP level 7. HP: 11/37 MP: 8/8
  1130 | D        | Killed a polar bear
  1130 | D        | Reached skill level 15 in Unarmed Combat
  1133 | D        | Killed a yaktaur
  1133 | D        | Reached XP level 8. HP: 8/42 MP: 9/9
  1469 | D        | Slain by a tentacle

Skill      XL: |  1  2  3  4  5  6  7 |
---------------+----------------------+-----
Dodging        | 5 6 7 8 11 10 | 11.8
Unarmed Combat | 5 6 7 9 11 12 15 | 15.5
Fighting       | 4 5 6 7 8 |  8.9
Stealth        | 3 4 |  4.0

Action                   |  1- 3 |  4- 6 |  7- 9 || total
-------------------------+-------+-------+-------++-------
Melee: Unarmed           |     7 |    46 |    46 ||    99
       Bite              |       |     5 |     6 ||    11
       Punch             |       |     2 |     4 ||     6
  Use: Potion            |     1 |     5 |     3 ||     9
       Scroll            |       |     6 |       ||     6
Armor: Skin              |       |     4 |     1 ||     5
Dodge: Dodged            |     4 |    41 |    66 ||   111
